 Dungeon Sprint DCSS version 0.31-a0-95-g6fa058ef04 (webtiles) character file.

Game seed: 12742408130536472591

616 sircluck the Unseen (level 7, 0/40 HPs)
             Began as a Kobold Brigand on May 25, 2023.
             Slain by a scorpion (2 damage)
             ... in the Dungeon (Sprint II: "The Violet Keep of Menkaure").
             The game lasted 00:00:37 (173 turns).

sircluck the Unseen (Kobold Brigand)                 Turns: 173, Time: 00:00:38

Health: 0/40       AC:  3    Str:  8    XL:     7   Next: 73%
Magic:  7/7        EV: 15    Int: 13    God:
Gold:   243        SH:  0    Dex: 14    Spells: 6/6 levels left

rFire   x . .        a - +2 dagger
rCold   . . .        (no shield)
rNeg    . . .        b - +0 robe
rPois   .            (no helmet)
rElec   .            c - +0 cloak
rCorr   .            (no gloves)
SInv    .            (no boots)
Will    .....        (no amulet)
Stlth   ++++++++     (no ring)
HPRegen 0.26/turn    (no ring)
MPRegen 0.10/turn

%: no teleportation
@: lethally poisoned (0 -> -1)
A: small, no large weapons, nightstalker 3, clumsy 2, frail 1, heat
vulnerability 1
a: no special abilities


You were in the Dungeon.
You visited 1 branch You collected 243 gold pieces.

Inventory:

Hand Weapons
 a - a +2 dagger (weapon)
Missiles
 d - 6 poisoned darts (quivered)
 e - 3 curare-tipped darts
Armour
 b - a +0 robe (worn)
 c - a +0 cloak (worn)
Scrolls
 k - a scroll of blinking
Potions
 f - a potion of curing
 g - a potion of heal wounds
 h - a potion of haste
 i - 2 potions of magic


   Skills:
 + Level 5.8 Fighting
 + Level 7.5 Short Blades
 + Level 5.8 Throwing
 + Level 3.0 Dodging
 + Level 18.1 Stealth


You had 6 spell levels left.
You didn't know any spells.
Your spell library was empty.

Dungeon Overview and Level Annotations

Branches:
Dungeon (1/1)

Altars:


Innate Abilities, Weirdness & Mutations

You are small and have problems with some larger weapons.
You are completely attuned to the shadows.
You are very clumsy. (Dex -4)
You are frail. (-10% HP)
You are vulnerable to heat. (rF-)


Message History

The scorpion is severely wounded.
You feel sick. The scorpion closely misses you.
You barely miss the scorpion.
The scorpion is severely wounded.
You feel sick. The scorpion closely misses you.
You closely miss the scorpion.
The scorpion is severely wounded.
You feel sick. The scorpion closely misses you.
You hit the scorpion but do no damage.
The scorpion is severely wounded.
You feel sick.
You hit the scorpion.
You kill the scorpion!
You feel sick.
Your Dodging skill increases to level 3!
Your Stealth skill increases to level 18!
You hit the scorpion.
The scorpion is moderately wounded.
You feel sick. The scorpion barely misses you.
You hit the scorpion.
The scorpion is heavily wounded.
You feel sick.
You hit the scorpion.
The scorpion is heavily wounded.
You feel sick. The scorpion barely misses you.
You barely miss the scorpion.
The scorpion is heavily wounded.
You feel sick. The scorpion stings you.
* * * LOW HITPOINT WARNING * * *
You hit the scorpion but do no damage.
The scorpion is heavily wounded.
You hit the scorpion.
The scorpion is heavily wounded.
* * * LOW HITPOINT WARNING * * *
You feel sick. The scorpion closely misses you.
You hit the scorpion but do no damage.
The scorpion is heavily wounded.
* * * LOW HITPOINT WARNING * * *
You feel sick. The scorpion stings you.
You die...

##. .##
.m#.. # ...
## #.
#+###.#
$B.##.##.#
#+.<.'.#
.B.##@##..#
#. #s###.#
# #(# ##
(#. . .


You could see a scorpion.

Vanquished Creatures
  4 neqoxecs (D)
  2 scorpions (D)
6 creatures vanquished.

Vanquished Creatures (others)
  Menkaure (D)
  A water moccasin (D)
2 creatures vanquished.

Grand Total: 8 creatures vanquished

Notes
Turn   | Place    | Note
-------+----------+-------------------------------------------
     0 | D        | sircluck the Kobold Brigand began the quest for the Orb.
     0 | D        | Reached XP level 1. HP: 12/12 MP: 1/1
     1 | D        | Noticed a merfolk siren
     5 | D        | Noticed a neqoxec
     5 | D        | Noticed a neqoxec
     5 | D        | Noticed a neqoxec
     5 | D        | Noticed a neqoxec
     7 | D        | Gained mutation: You are frail. (-10% HP) [a neqoxec]
    20 | D        | Killed a neqoxec
    20 | D        | Killed a water moccasin
    21 | D        | Reached skill level 12 in Stealth
    21 | D        | Reached XP level 2. HP: 16/18 MP: 2/2
    21 | D        | Reached XP level 3. HP: 19/21 MP: 3/3
    21 | D        | Reached XP level 4. HP: 24/26 MP: 4/4
    21 | D        | Reached XP level 5. HP: 26/29 MP: 5/5
    21 | D        | Gained mutation: You are clumsy. (Dex -2) [a neqoxec]
    21 | D        | Gained mutation: You are very clumsy. (Dex -4) [a neqoxec]
    25 | D        | Killed a neqoxec
    26 | D        | Reached skill level 5 in Short Blades
    26 | D        | Reached skill level 14 in Stealth
    26 | D        | Reached XP level 6. HP: 32/35 MP: 6/6
    35 | D        | Killed a neqoxec
    36 | D        | Reached skill level 5 in Fighting
    36 | D        | Reached skill level 5 in Throwing
    36 | D        | Reached skill level 16 in Stealth
    36 | D        | Reached XP level 7. HP: 22/39 MP: 7/7
    41 | D        | Gained mutation: You are vulnerable to heat. (rF-) [a
                  | neqoxec]
    47 | D        | Killed a neqoxec
    48 | D        | Reached skill level 17 in Stealth
    61 | D        | Killed Menkaure
   148 | D        | Noticed a boulder beetle
   148 | D        | Noticed a boulder beetle
   167 | D        | Reached skill level 18 in Stealth
   173 | D        | HP: 2/40 [poisoned by a scorpion]
   173 | D        | Slain by a scorpion

Illustrated notes

Levels and vault maps discovered:
D:        the_violet_keep_of_menkaure [sprint2_stairs_cluster_1,
          sprint2_shoproom, sprint2_temple, sprint2_basic_supplies,
          sprint2_obstacle_5, sprint2_obstacle_3, sprint2_obstacle_4,
          sprint2_obstacle_1, sprint2_obstacle_2, sprint2_timed_cluster_1,
          sprint2_smallroom_cluster_1, sprint2_smallroom_final_cluster_1,
          sprint2_transparent_cluster_1, sprint2_second_timed_cluster_1,
          sprint2_sniper_area_1, sprint2_heavy_combat_area_1,
          sprint2_mutation_trap_area_1, sprint2_forest_area_1,
          sprint2_light_combat_area_1, sprint2_behind_water_1,
          sprint2_near_end_vault_1]

Skill      XL: |  1  2  3  4  5  6  7 |
---------------+----------------------+-----
Fighting       | 3 4 5 |  5.8
Short Blades   | 4 5 6 7 |  7.5
Throwing       | 3 4 5 |  5.8
Stealth        | 12 14 16 18 | 18.1
Dodging        | 2 3 |  3.0

Action                     |  1- 3 |  4- 6 |  7- 9 || total
---------------------------+-------+-------+-------++-------
  Melee: Dagger            |    10 |    14 |    30 ||    54
         Punch             |       |       |     1 ||     1
  Throw: Dart              |     3 |       |     3 ||     6
    Use: Potion            |     1 |       |       ||     1
 Armour: Robe              |     1 |       |       ||     1
  Dodge: Dodged            |     4 |     3 |    10 ||    17

Table legend: (Time is in decaauts)
 A = Elapsed time spent in this place.
 B = Non-inter-level travel time spent in this place.
 C = Inter-level travel time spent in this place.
 D = Time resting spent in this place.
 E = Time spent auto-exploring this place.
 F = Levels seen in this place.
 G = Mean time per level.
                   A        B        C        D        E       F      G
               +--------+--------+--------+--------+--------+-----+--------+
         Total |    162 |    158 |      4 |     98 |      0 |   1 |  162.0 |
       Dungeon |    162 |    158 |      4 |     98 |      0 |   1 |  162.0 |
               +--------+--------+--------+--------+--------+-----+--------+

Top non-repeatable levels by time:
       D: 162 daAuts
